 Dungeon Crawl Stone Soup version 0.29.1-12-g30fa7ad0bf (webtiles) character file.

Game seed: 10110429616880163142

1567 zeram the Cudgeller (level 8, -3/109 (111) HPs)
             Began as a Troll Fighter on Dec 22, 2022.
             Was a Follower of Qazlal.
             Slain by a gnoll
             ... wielding a +0 flail
              (8 damage)
             ... on level 6 of the Dungeon.
             The game lasted 00:14:27 (4172 turns).

zeram the Cudgeller (Troll Fighter)                 Turns: 4172, Time: 00:14:28

HP:   -3/109 (111)  AC:  5    Str: 25    XL:     8   Next: 59%
MP:   10/10         EV: 11    Int:  6    God:    Qazlal [*.....]
Gold: 327           SH:  1    Dex:  9    Spells: 10/12 levels left

rFire   . . .      SeeInvis .   x - +1 giant spiked club
rCold   . . .      Faith    .   (shield currently unavailable)
rNeg    . . .      Spirit   .   b - +1 robe
rPois   .          Reflect  .   (helmet restricted)
rElec   .          Harm     .   e - scarf {repulsion}
rCorr   .          Rampage  .   (gloves unavailable)
Will    .....                   (boots unavailable)
Stlth   ..........              h - amulet of the acrobat
HPRegen 1.08/turn               (no ring)
MPRegen 0.12/turn               (no ring)

@: mighty, berserking (expiring), lightly drained, repel missiles, very quick
A: large, unfitting armour, claws 3, regeneration 1, shaggy fur 1, tough skin 1
a: Renounce Religion


You were on level 6 of the Dungeon.
You worshipped Qazlal.
Qazlal was aware of your devotion.
You visited 2 branches of the dungeon, and saw 7 of its levels.

You collected 327 gold pieces.

Inventory:

Hand Weapons
 i - a +4 mace of protection
 x - a +1 giant spiked club (weapon)
Armour
 b - a +1 robe (worn)
 e - a scarf of repulsion (worn)
Jewellery
 c - a +6 ring of strength
 g - an amulet of guardian spirit
 h - an amulet of the acrobat (around neck)
Wands
 r - a wand of light (10)
 w - a wand of digging (3)
Scrolls
 j - 2 scrolls of blinking
 k - a scroll of amnesia
 m - a scroll of enchant armour
 p - 6 scrolls of teleportation
 u - a scroll of vulnerability {unknown}
Potions
 f - a potion of brilliance {unknown}
 l - a potion of resistance
 n - a potion of lignification {unknown}
 o - 3 potions of curing {unknown}
 q - a potion of attraction {unknown}
 v - a potion of degeneration {unknown}


   Skills:
 - Level 2.4 Fighting
 + Level 7.6 Maces & Flails
 + Level 5.1 Dodging
 - Level 2.9 Shields
 * Level 2.5 Spellcasting
 - Level 0.2 Translocations


You had 10 spell levels left.
You knew the following spells:

 Your Spells              Type           Power      Damage    Failure   Level
a - Blink                 Tloc           2%         N/A       45%         2

Your spell library contained the following spells:

 Spells                   Type           Power      Damage    Failure   Level
 Magic Dart               Conj           0%         1d3       36%         1
 Searing Ray              Conj           0%         2d4       52%         2
 Static Discharge         Conj/Air       0%         3-3/arc   52%         2
 Lesser Beckoning         Tloc           1%         N/A       71%         3
 Ozocubu's Armour         Ice            0%         N/A       75%         3
 Fulminant Prism          Conj/Hex       0%         3d6       98%         4
 Lightning Bolt           Conj/Air       0%         1d11      100%        5
 Manifold Assault         Tloc           1%         N/A       100%        5
 Metabolic Englaciation   Hex/Ice        0%         N/A       100%        5
 Simulacrum               Ice/Necr       0%         N/A       100%        6
 Maxwell's Capacitive Co  Air            0%         ∞         100%        8


Dungeon Overview and Level Annotations

Branches:
Dungeon (6/15)             Temple (1/1) D:4

Altars:
Elyvilon
Makhleb
Nemelex Xobeh
Qazlal
Ru
Sif Muna
Uskayaw
Vehumet
Xom
Zin

Shops:
D:1 (


Innate Abilities, Weirdness & Mutations

You are too large for most types of armour.
You have claws for hands.
Your natural rate of healing is unusually fast.
You are covered in fur. (AC +1)
You have tough skin. (AC +1)


Message History

You kill the gnoll!
Qazlal accepts your kill.
Unknown command.
You bludgeon the gnoll!!
You kill the gnoll!
Qazlal accepts your kill. The gnoll misses you. The gnoll barely misses you.
Unknown command.
You sock the gnoll!
The gnoll is almost dead.
The gnoll hits you with a +0 flail.
* * * LOW HITPOINT WARNING * * *
The gnoll closely misses you.
Unknown command.
You barely miss the gnoll.
The gnoll is almost dead.
The gnoll closely misses you. The gnoll hits you but does no damage.
Unknown command.
You barely miss the gnoll.
The gnoll is almost dead.
The gnoll barely misses you.
The gnoll hits you from afar with a +0 spear.
* * * LOW HITPOINT WARNING * * *
Unknown command.
You barely miss the gnoll.
The gnoll is almost dead.
The gnoll closely misses you.
The gnoll hits you from afar with a +0 spear.
* * * LOW HITPOINT WARNING * * *
Unknown command.
You closely miss the gnoll.
The gnoll is severely wounded.
You block the gnoll's attack.
The gnoll hits you from afar with a +0 spear.
* * * LOW HITPOINT WARNING * * *
Unknown command.
You barely miss the gnoll.
The gnoll is severely wounded.
The gnoll hits you with a +0 flail!
You die...

#.................
.#
#<#+##...........
#. #........... #
#...........
#...........
#.....g.....
#...g.....#.
#.#)#g###.#
#.#@#... #
......g.)....#
.....####......
..... ....... .$.
....... .. ?......
. .... ..!.


You could see 2 gnolls.

Vanquished Creatures
  Eustachio (D:5)
  Edmund (D:4)
  A water moccasin (D:5)
  3 ogres
  A centaur (D:5)
  2 phantoms (D:5)
  A scorpion (D:5)
  A necrophage (D:6)
  3 orc priests
  6 jellies
  An iguana (D:5)
  2 orc wizards
  Ijyb (D:5)
  8 gnolls
  9 adders
  2 worms
  3 dart slugs
  6 orcs
  7 ball pythons
  4 endoplasms
  2 giant cockroaches (D:4)
  9 goblins
  4 hobgoblins
  7 jackals
  4 frilled lizards
  8 kobolds
  16 rats
113 creatures vanquished.

Notes
Turn   | Place    | Note
-------+----------+-------------------------------------------
     0 | D:1      | zeram the Troll Fighter began the quest for the Orb.
     0 | D:1      | Reached XP level 1. HP: 22/22 MP: 0/0
    64 | D:1      | Found a faded altar of an unknown god.
   179 | D:1      | Reached XP level 2. HP: 29/29 MP: 1/1
   182 | D:1      | Reached skill level 2 in Maces & Flails
   252 | D:1      | Found Jucitesi's Weapon Shoppe.
   802 | D:2      | Reached XP level 3. HP: 23/36 MP: 2/2
  1049 | D:2      | Learned a level 2 spell: Blink
  1105 | D:2      | Reached XP level 4. HP: 39/44 MP: 3/3
  1116 | D:2      | Reached skill level 3 in Maces & Flails
  1468 | D:3      | Found a radiant altar of Vehumet.
  1497 | D:3      | Reached XP level 5. HP: 50/50 MP: 4/4
  2466 | D:4      | Reached skill level 4 in Maces & Flails
  2489 | D:4      | Reached XP level 6. HP: 44/59 MP: 3/6
  2732 | D:4      | Found a staircase to the Ecumenical Temple.
  2738 | Temple   | Entered the Ecumenical Temple
  2831 | Temple   | Became a worshipper of Qazlal Stormbringer
  2884 | D:5      | Entered Level 5 of the Dungeon
  2922 | D:5      | Noticed Eustachio
  2933 | D:5      | Killed Eustachio
  2934 | D:5      | Reached skill level 1 in Spellcasting
  2948 | D:5      | Reached skill level 5 in Maces & Flails
  3038 | D:5      | Reached XP level 7. HP: 66/66 MP: 5/8
  3104 | D:5      | Noticed Edmund
  3191 | D:4      | Killed Edmund
  3301 | D:5      | Reached skill level 6 in Maces & Flails
  3399 | D:5      | Reached XP level 8. HP: 67/74 MP: 8/10
  3457 | D:5      | Reached skill level 5 in Dodging
  3756 | D:5      | Found a white marble altar of Elyvilon.
  3767 | D:5      | Reached skill level 7 in Maces & Flails
  3846 | D:5      | Noticed Ijyb
  3852 | D:5      | Killed Ijyb
  4017 | D:6      | Reached * piety under Qazlal
  4099 | D:6      | Found a hide-covered altar of Uskayaw.
  4170 | D:6      | HP: 4/109 [gnoll/+0 spear (5)]
  4172 | D:6      | Slain by a gnoll

Illustrated notes

Levels and vault maps discovered:
D:1:      dpeg_arrival_castle, layout_loops_cross, serial_shops,
          nicolae_shop_waterfront, hellmonk_ecumenical_altar_run_dry
D:2:      layout_basic, minmay_rat_gold_closets
D:3:      layout_basic, mainiacjoe_overflow_boulevard
D:4:      layout_gridville, minmay_temple_entry_fiery, minmay_stone_trees_large
D:5:      layout_loops_ring, mainiacjoe_overflow_catwalk, uniq_eustachio,
          uniq_edmund, uniq_ijyb
D:6:      layout_basic, nicolae_overflow_hidden_temple,
          mainiacjoe_overflow_small_starburst
Temple:   nicolae_temple_great_sept

Skill      XL: |  1  2  3  4  5  6  7  8 |
---------------+-------------------------+-----
Maces & Flails | 2 3 4 5 6 7 |  7.6
Dodging        | 3 4 5 |  5.1
Spellcasting   | 1 2 |  2.5
Fighting       | |  2.4
Shields        | |  2.9
Translocations | |  0.2

Action                   |  1- 3 |  4- 6 |  7- 9 || total
-------------------------+-------+-------+-------++-------
Melee: Flail             |    21 |       |       ||    21
       Mace              |    96 |   156 |       ||   252
       Giant club        |       |    11 |    75 ||    86
       Giant spiked club |       |       |    30 ||    30
Evoke: Wand              |       |     1 |       ||     1
  Use: Scroll            |     6 |     2 |     2 ||    10
       Potion            |       |     1 |     3 ||     4
Armor: Robe              |    67 |    93 |    20 ||   180
Dodge: Dodged            |    66 |    93 |    93 ||   252
Block: Kite shield       |    45 |    54 |       ||    99
       Other             |       |       |     1 ||     1
